 Dungeon Crawl Stone Soup version 0.30-a0-728-gc68057be0a (webtiles) character file.

Game seed: 7430952699287975190

121860 octoduck the Marksdraconian (level 16, -12/132 HPs)
             Began as a Red Draconian Artificer on Jan 30, 2023.
             Was the Champion of Lugonu.
             Killed by the raging water
             ... invoked by a water nymph
              (31 damage)
             ... on level 2 of the Shoals.
             The game lasted 02:57:03 (43831 turns).

octoduck the Marksdraconian (DrAr)                 Turns: 43831, Time: 02:57:03

Health: -12/132    AC: 17    Str: 24    XL:     16   Next: 33%
Magic:  24/24      EV: 19    Int: 16    God:    Lugonu [******]
Gold:   1711       SH:  5    Dex: 15    Spells: 11/15 levels left

rFire   . . .      SeeInvis .    M - +10 shortbow "Nushucs" {freeze, rF- rC+ rN++}
rCold   + . .      Faith    .    (shield currently unavailable)
rNeg    + + .      Spirit   .    (body armour unavailable)
rPois   .          Reflect  +    d - +2 hat {Int+3}
rElec   .          Harm     .    b - +0 cloak {Stlth+}
rCorr   .          Rampage  .    C - +0 pair of gloves
Will    +....                    (no boots)
Stlth   ++                       I - amulet of reflection
HPRegen 0.42/turn                e - +4 ring of protection
MPRegen 0.19/turn                w - +6 ring of strength

@: very slow
A: breathe fire, AC +9, unfitting armour, fire resistance 1, cold-blooded
a: Breathe Fire, Renounce Religion, Depart the Abyss, Banish, Corrupt, Enter the
Abyss


You were on level 2 of the Shoals.
You worshipped Lugonu.
Lugonu was exalted by your worship.
You visited 5 branches of the dungeon, and saw 24 of its levels.
You also visited: Bailey.

You collected 2877 gold pieces.
You spent 1166 gold pieces at shops.

Inventory:

Hand Weapons
 j - a +5 demon whip of distortion
 M - the +10 shortbow "Nushucs" (weapon) {freeze, rF- rC+ rN++}
   (You bought it in a shop on level 6 of the Dungeon)

   rF:        It makes you vulnerable to fire.
   rC:        It protects you from cold.
   rN:        It greatly protects you from negative energy.
Missiles
 G - 21 boomerangs
 L - 7 atropa-tipped darts
Armour
 b - a +0 cloak of stealth (worn)
 d - a +2 hat of intelligence (worn)
 C - a +0 pair of gloves (worn)
 N - a +0 buckler
Jewellery
 e - a +4 ring of protection (left hand)
 p - the ring of Viqukhli {rN+ rCorr Int+2}
   (You took it off a goblin on level 3 of the Dungeon)

   [ring of positive energy]

   Int:       It affects your intelligence (+2).
   rN:        It protects you from negative energy.
   rCorr:     It protects you from acid and corrosion.
 w - a +6 ring of strength (right hand)
 x - a ring of see invisible
 A - a ring of poison resistance
 B - a ring of willpower
 F - a ring of flight
 I - an amulet of reflection (around neck)
 J - a ring of protection from fire
 O - an amulet of the acrobat
 Q - the ring of the Invisible Places {rN+ Will+ Int+2}
   (You found it on level 3 of the Lair of Beasts)

   [ring of positive energy]

   Int:       It affects your intelligence (+2).
   rN:        It protects you from negative energy.
   Will:      It increases your willpower.
 S - a +5 ring of evasion
 Y - a ring of protection from cold
Wands
 c - a wand of charming (11)
 h - a wand of roots (9)
 q - a wand of polymorph (9)
 u - a wand of digging (7)
Scrolls
 a - 6 scrolls of amnesia
 f - 8 scrolls of teleportation
 n - a scroll of brand weapon
 o - 4 scrolls of fog
 r - 4 scrolls of fear
 s - a scroll of butterflies
 y - 6 scrolls of vulnerability
 P - a scroll of poison
 R - a scroll of magic mapping
 T - a scroll of enchant armour
 V - 3 scrolls of identify
 X - a scroll of blinking
Potions
 i - 3 potions of brilliance
 k - 2 potions of lignification
 m - 3 potions of ambrosia
 t - 2 potions of flight
 v - a potion of magic
 z - 2 potions of cancellation
 D - 2 potions of berserk rage
 E - 5 potions of curing
 H - 3 potions of mutation
 K - a potion of haste
Miscellaneous
 W - a lightning rod (1/4)


   Skills:
 + Level 9.5 Fighting
 - Level 12.1 Maces & Flails
 - Level 16.0 Ranged Weapons
 - Level 13.8 Dodging
 - Level 0.8 Stealth
 * Level 4.4 Hexes
 - Level 11.1 Invocations
 - Level 7.5 Evocations


You had 11 spell levels left.
You knew the following spells:

 Your Spells              Type           Power      Damage    Failure   Level
a - Cause Fear            Hex            7%         N/A       38%         4

Your spell library contained the following spells:

 Spells                   Type           Power      Damage    Failure   Level
 Slow                     Hex            56%        N/A       4%          1
 Confusing Touch          Hex            14%        N/A       12%         3
 Kiss of Death            Conj/Necr      0%         2d5       26%         1
 Magic Dart               Conj           0%         1d3       26%         1
 Sandblast                Erth           0%         2d4       26%         1
 Shock                    Conj/Air       0%         1d3       26%         1
 Inner Flame              Hex/Fire       7%         N/A       30%         3
 Blink                    Tloc           0%         N/A       36%         2
 Cigotuvi's Dreadful Rot  Necr/Pois/Air  0%         N/A       36%         2
 Lesser Beckoning         Tloc           0%         N/A       36%         2
 Momentum Strike          Conj/Tloc      0%         3d8       36%         2
 Passwall                 Tmut/Erth      0%         N/A       36%         2
 Searing Ray              Conj           0%         2d4       36%         2
 Sublimation of Blood     Necr           0%         N/A       36%         2
 Wereblood                Tmut           0%         N/A       36%         2
 Hailstorm                Conj/Ice       0%         3d3       58%         3
 Ozocubu's Armour         Ice            0%         N/A       58%         3
 Stone Arrow              Conj/Erth      0%         3d7       58%         3
 Swiftness                Air            0%         N/A       58%         3
 Vampiric Draining        Necr           0%         2d6       58%         3
 Fulminant Prism          Conj/Hex       3%         3d5       71%         4
 Airstrike                Air            0%         2d(0-16)  94%         4
 Dispel Undead            Necr           0%         3d6       94%         4
 Ice Form                 Ice/Tmut       0%         N/A       94%         4
 Petrify                  Tmut/Erth      0%         N/A       94%         4
 Metabolic Englaciation   Hex/Ice        3%         N/A       96%         5
 Blade Hands              Tmut           0%         N/A       100%        5
 Irradiate                Conj/Tmut      0%         3d11      100%        5
 Death Channel            Necr           0%         N/A       100%        6
 Simulacrum               Ice/Necr       0%         N/A       100%        6
 Statue Form              Tmut/Erth      0%         N/A       100%        6
 Dragon Form              Tmut           0%         N/A       100%        7
 Summon Hydra             Summ           0%         N/A       100%        7
 Discord                  Hex            7%         N/A       100%        8


Dungeon Overview and Level Annotations

Branches:
Dungeon (14/15)            Temple (1/1) D:6            Lair (5/5) D:11
 Shoals (2/4) Lair:3        Snake (0/4) Lair:3        Slime (0/5) Lair:4
    Orc (2/2) D:12            Elf (0/3) Orc:2        Vaults (0/5) D:14
 Bailey (visited)

Altars:
Ashenzari
Cheibriados
Dithmenos
Elyvilon
Fedhas
Gozag
Hepliaklqana
Makhleb
Nemelex Xobeh
Qazlal
Ru
Sif Muna
Trog
Uskayaw
Wu Jian
Xom
Zin
The Shining One
Jiyva
Lugonu

Shops:
D:3 *   D:6 (   D:10 [   D:11 =   Orc:2 (?!(

Annotations:
D:8 Maurice
Orc:2 corrupted


Innate Abilities, Weirdness & Mutations

You can breathe blasts of fire.
Your fiery red scales are hard. (AC +9)
You cannot fit into any form of body armour.
Your flesh is heat resistant. (rF+)
You are cold-blooded and may be slowed by cold attacks.


Message History

You shoot an arrow. The arrow misses the water nymph.
You hear a shout!
The water nymph barely misses you.
Fire: M) +10 shortbow "Nushucs" {freeze, rF- rC+ rN++}
Press: ? - help, Q - select action, (/) - cycle Shift-Dir - straight line, f/p - water nymph
Aim: a water nymph (almost dead, 70% to hit)
You shoot an arrow. The arrow hits the water nymph!
The arrow freezes the water nymph.
You kill the water nymph!
Lugonu accepts your kill.
A water nymph is nearby!
Splash!
You fall into the shallow water.
Moving in this stuff is going to be slow.
As you read the scroll of butterflies, it crumbles to dust.
You hear the flapping of tiny wings.
The water nymph is knocked back by the sudden gust.
The water nymph shouts!
You swap places.
The water nymph flows with the water.
You swap places.
The water nymph touches your butterfly.
Your butterfly dies!
Your butterfly disappears in a burst of colours!
You swap places.
You enter the shallow water.
Moving in this stuff is going to be slow.
The water nymph touches your butterfly!
Your butterfly dies!
Your butterfly disappears in a burst of colours!
The water nymph completely misses your butterfly.
You swap places.
The water nymph touches your butterfly.
Your butterfly dies!
Your butterfly disappears in a burst of colours!
The water nymph touches your butterfly.
Your butterfly dies!
Your butterfly disappears in a burst of colours!
The water nymph touches your butterfly!
Your butterfly dies!
Your butterfly disappears in a burst of colours!
The water nymph casts a spell at you. The water swirls and strikes you!!
You die...

≈≈≈≈≈≈≈≈≈≈≈≈≈~~~.....~~~~~~~~~~~~
≈≈≈~~~~≈≈≈≈≈≈≈~~~~~~~~~~~~...~..~
≈≈~~~~~≈≈≈≈≈≈≈≈~~~~~~~~~~~.#####.
≈~≈~~~~≈≈≈≈≈≈≈≈~~~~~~~~≈~.## #.
~~~~~~≈≈~~~≈m~~b~~~b~~~≈~..## #.
~~~~~~~~~~~bb~~~b~~~~~~≈~~..# ##
~~~~~~~~~~~~bbbbb~~~~~~≈~~..# #
~~≈~~~~~~~.#.bm~~~~~~~≈≈~~.## #
§~≈≈~~~~~÷##~bbb@~~~≈≈≈≈~~.#
~~≈≈≈~~~~....b.~b~~≈≈≈≈≈≈~.## #
~≈≈≈≈≈~~~~(b~bb~bbb~~~≈≈≈~..#####
~≈≈≈≈≈~~~~÷bbbb~b~~~~~≈≈≈~~......
~≈≈≈≈≈~~b~~~bbb~b~~~~~≈≈≈~~~.....
~≈≈≈~~~~~~~~b~b≈≈~~~~≈≈≈≈≈~~~~~~~
~≈≈≈~~)b~~~~~~b~~~.~~≈≈≈≈≈≈≈~~~~~
~≈≈≈~~~~~~~~~~~~~~~~~≈≈≈≈≈≈≈≈≈≈≈≈
≈≈≈≈≈~~~~~~~~~~~~~~~≈≈≈≈≈≈≈≈≈≈≈≈≈


You could see 2 water nymphs.

Vanquished Creatures
  Jorgrun (Shoals:1)
  Rupert (D:14)
  Gastronok (D:9)
  A kraken (Shoals:2)
  Kirke (Shoals:1)
  Ilsuiw (Shoals:2)
  Nessos (D:13)
  3 merfolk impalers
  Josephine (D:13)
  A fire dragon (Lair:5)
  Erolcha (D:9)
  Fannar (Lair:2)
  7 hydras
  3 centaur warriors
  Erica (Orc:1)
  An ogre mage (D:12)
  6 two-headed ogres
  5 boulder beetles
  3 satyrs (Shoals:2)
  An alligator snapping turtle (Shoals:2)
  A tengu warrior (D:12)
  4 orc high priests (Orc:2)
  Urug (Lair:2)
  Amaemon (D:9)
  A bog body (Lair:1)
  7 lindwurms
  6 sea snakes
  7 harpies (Shoals:1)
  2 orc knights
  Pikel (D:4)
  2 orc sorcerers
  3 oklob plants (Lair:4)
  7 fauns
  6 manticores
  7 ugly things
  5 cyclopes
  Joseph (D:8)
  16 elephants
  8 merfolk sirens
  A torpor snail (Lair:3)
  3 water nymphs
  5 black mambas
  2 guardian serpents (D:11)
  4 gargoyles
  3 molten gargoyles (Lair:5)
  4 unseen horrors
  17 cane toads
  An orange demon (D:9)
  Psyche (D:12)
  A kobold demonologist (D:12)
  An efreet (D:14)
  11 komodo dragons
  3 rime drakes
  An ice devil (Lair:1)
  6 trolls
  5 wind drakes
  5 merfolk
  Grinder (D:3)
  5 polar bears
  A hornet (D:11)
  Prince Ribbit (D:5)
  8 blink frogs
  6 dream sheep
  3 snapping turtles (Shoals:2)
  7 slime creatures
  A centaur simulacrum (D:12)
  Sigmund (D:2)
  8 wraiths
  A shadow (D:10)
  4 hogs (Shoals:1)
  34 yaks
  6 basilisks
  7 wyverns
  16 humans
  5 steam dragons
  Menkaure (D:6)
  A harpy simulacrum (Lair:1)
  2 vampire mosquitoes (D:12)
  3 wargs
  Edmund (D:6)
  4 nagas
  An acid dragon (D:12)
  3 hell hounds (Lair:5)
  5 water moccasins
  2 swamp drakes
  Duvessa (D:6)
  Pargi (D:3)
  2 ice beasts (D:7)
  30 orc warriors
  2 black bears
  A sky beast (D:4)
  6 ogres
  13 centaurs
  8 wolves
  3 phantoms
  3 necrophages
  13 bullfrogs
  2 gnoll sergeants
  4 scorpions
  Dowan (D:6)
  8 killer bees
  7 howler monkeys
  5 lava snakes (Lair:5)
  6 jellies
  4 hounds
  Crazy Yiuf (D:5)
  30 orc priests
  An iron imp (D:14)
  Jessica (D:2)
  Terence (D:2)
  3 iguanas
  25 orc wizards
  A polar bear simulacrum (Lair:1)
  A spriggan simulacrum (Lair:1)
  Robin (D:3)
  4 adders
  12 gnolls
  A shadow imp (D:5)
  A white imp (D:5)
  2 worms
  2 dart slugs (D:2)
  73 orcs
  4 endoplasms
  A giant cockroach (D:3)
  16 goblins
  7 hobgoblins
  8 jackals
  2 quokkas
  7 ball pythons
  A bat (D:3)
  7 frilled lizards
  2 kobolds
  2 rats (D:2)
  A tentacle (Shoals:2)
677 creatures vanquished.

Vanquished Creatures (others)
  An unseen horror (D:13)
  3 orc warriors (Orc:2)
  2 ogres (Orc:2)
  A killer bee (D:9)
  2 orc priests (Orc:2)
  An orc wizard (Orc:2)
  13 orcs (Orc:2)
  29 fungi
  140 plants
  6 starspawn tentacles (Orc:2)
  33 tentacles (Shoals:2)
231 creatures vanquished.

Grand Total: 908 creatures vanquished

Notes
Turn   | Place    | Note
-------+----------+-------------------------------------------
     0 | D:1      | octoduck the Draconian Artificer began the quest for the
                  | Orb.
     0 | D:1      | Reached XP level 1. HP: 16/16 MP: 1/1
   558 | D:1      | Reached skill level 1 in Maces & Flails
   568 | D:1      | Reached XP level 2. HP: 23/23 MP: 2/2
   893 | D:2      | Found a faded altar of an unknown god.
   904 | D:2      | Prayed at the altar of an unknown god.
   904 | D:2      | Became a worshipper of Lugonu the Unformed
   904 | D:2      | Reached * piety under Lugonu
   939 | D:2      | Noticed Jessica
   951 | D:2      | Killed Jessica
   952 | D:2      | Reached XP level 3. HP: 28/28 MP: 3/3
  1102 | D:2      | Noticed Sigmund
  1510 | D:2      | Reached XP level 4. HP: 33/35 MP: 4/4
  1588 | D:2      | Noticed Terence
  1598 | D:2      | Killed Terence
  1884 | D:3      | Noticed Pargi
  1884 | D:3      | Found Doxtifek's General Store.
  1909 | D:3      | Identified the +7 halberd "Eviscerator" {drain, *Noise
                  | rElec Will+++ rCorr}
  1951 | D:3      | Found a glowing golden altar of the Shining One.
  2042 | D:2      | Killed Sigmund
  2043 | D:2      | Reached skill level 5 in Evocations
  2043 | D:2      | Reached XP level 5. HP: 13/40 MP: 5/5
  2043 | D:2      | Reached XP level 6. HP: 15/47 MP: 6/6
  2209 | D:2      | Identified a scroll of acquirement
  2209 | D:2      | Acquired a +0 demon whip of flaming
  2315 | D:3      | Noticed Grinder
  2550 | D:3      | Noticed Robin
  2551 | D:3      | Identified the ring of Viqukhli {rN+ rCorr Int+2}
  2562 | D:3      | Killed Robin
  2680 | D:2      | Reached ** piety under Lugonu
  2811 | D:3      | Killed Pargi
  2861 | D:3      | Bought a scroll of identify for 22 gold pieces
  2862 | D:3      | Bought a scroll of identify for 22 gold pieces
  3002 | D:3      | Found a sparkling altar of Nemelex Xobeh.
  3094 | D:3      | Found a large runed translucent door.
  3103 | D:3      | Found a large runed translucent door.
  3262 | D:3      | Killed Grinder
  3263 | D:3      | Reached skill level 5 in Maces & Flails
  3263 | D:3      | Your scales start taking on a fiery red colour.
  3263 | D:3      | Reached XP level 7. HP: 29/52 MP: 7/7
  3263 | D:3      | Gained mutation: Your flesh is heat resistant. (rF+) [Red
                  | Draconian growth]
  3383 | D:3      | Found a burning altar of Makhleb.
  3388 | D:3      | Found a blossoming altar of Fedhas.
  3726 | D:4      | Found a broken altar of Ashenzari.
  3945 | D:4      | Noticed Pikel
  3955 | D:4      | Killed Pikel
  3956 | D:4      | Reached XP level 8. HP: 59/59 MP: 7/10
  4360 | D:5      | Entered Level 5 of the Dungeon
  4387 | D:5      | Found an ornate altar of the Wu Jian Council.
  4494 | D:5      | Identified the +1 hammer of Tenacity {speed, *Corrode
                  | +Blink Int+3}
  4496 | D:5      | Found a runed translucent door.
  4497 | D:5      | Noticed Crazy Yiuf
  4503 | D:5      | Killed Crazy Yiuf
  4634 | D:5      | Found a sacrificial altar of Ru.
  4971 | D:5      | Noticed Prince Ribbit
  4978 | D:5      | Killed Prince Ribbit
  4979 | D:5      | Reached XP level 9. HP: 64/64 MP: 12/12
  5044 | D:5      | Reached *** piety under Lugonu
  5045 | D:5      | Reached skill level 5 in Invocations
  5254 | D:5      | Found a hide-covered altar of Uskayaw.
  5963 | D:6      | Found a staircase to the Ecumenical Temple.
  5969 | Temple   | Entered the Ecumenical Temple
  6243 | D:6      | Reached skill level 10 in Maces & Flails
  6360 | D:6      | Found a shimmering blue altar of Sif Muna.
  6388 | D:6      | Noticed Menkaure
  6392 | D:6      | Killed Menkaure
  6539 | D:6      | Got Sif Muna's Vellum of Concussion
  6544 | D:6      | Found a bloodstained altar of Trog.
  6564 | D:6      | Noticed Duvessa
  6641 | D:6      | Noticed Dowan
  6668 | D:6      | Killed Duvessa
  6669 | D:6      | Killed Dowan
  6755 | D:6      | Found Morraq's Weapon Boutique.
  6837 | D:6      | Noticed Edmund
  6844 | D:6      | Killed Edmund
  7639 | D:6      | Reached XP level 10. HP: 66/71 MP: 15/15
  8291 | D:7      | Noticed an angel
  8292 | D:7      | Found a glowing silver altar of Zin.
  8478 | D:8      | Found a flagged portal.
  8593 | Bailey   | Entered a bailey
 10479 | Bailey   | Reached **** piety under Lugonu
 10750 | Bailey   | Reached XP level 11. HP: 91/91 MP: 17/17
 10923 | D:8      | Noticed Joseph
 10942 | D:8      | Killed Joseph
 11267 | D:8      | Found a shimmering altar of Xom.
 11728 | D:8      | Found a hazy altar of Hepliaklqana.
 11748 | D:8      | Found a stormy altar of Qazlal.
 11833 | D:8      | Noticed Maurice
 12149 | D:8      | Reached skill level 1 in Ranged Weapons
 12292 | D:9      | Reached skill level 2 in Ranged Weapons
 12305 | D:9      | Noticed a two-headed ogre
 12312 | D:9      | Noticed Gastronok
 12327 | D:9      | Noticed Amaemon
 12504 | D:9      | Found an opulent altar of Gozag.
 12663 | D:9      | Reached skill level 3 in Ranged Weapons
 12783 | D:9      | Noticed Erolcha
 12827 | D:9      | Found a shadowy altar of Dithmenos.
 13148 | D:10     | Entered Level 10 of the Dungeon
 13224 | D:10     | Found Laxicoy's Armour Boutique.
 13350 | D:10     | Noticed a two-headed ogre
 13361 | D:10     | Killed a two-headed ogre
 13362 | D:10     | Reached skill level 4 in Ranged Weapons
 13472 | D:10     | Reached skill level 5 in Ranged Weapons
 13472 | D:10     | Reached XP level 12. HP: 88/97 MP: 18/18
 14271 | D:11     | Noticed a centaur warrior
 15018 | D:11     | Found Moufud's Jewellery Shop.
 15221 | D:11     | Reached skill level 6 in Ranged Weapons
 15318 | D:11     | Noticed an eight-headed hydra
 15453 | D:11     | Found a staircase to the Lair.
 15857 | D:12     | Noticed a boulder beetle
 15946 | Lair:1   | Entered Level 1 of the Lair of Beasts
 16717 | Lair:1   | Reached skill level 7 in Ranged Weapons
 16959 | Lair:1   | Reached skill level 10 in Invocations
 17365 | Lair:2   | Noticed Urug
 17438 | Lair:2   | Noticed Fannar
 17866 | Lair:2   | Reached ***** piety under Lugonu
 18105 | Lair:2   | Reached skill level 8 in Ranged Weapons
 19120 | Lair:3   | Found a staircase to the Snake Pit.
 19388 | Lair:2   | Killed Urug
 19468 | Lair:3   | Reached XP level 13. HP: 97/104 MP: 21/21
 20039 | Lair:3   | Reached skill level 9 in Ranged Weapons
 20297 | Lair:3   | Identified the +1 robe "Afredog" {rC+ Regen+ Stlth+}
 20340 | Lair:3   | Found a staircase to the Shoals.
 20500 | Lair:3   | Identified the ring of the Invisible Places {rN+ Will+
                  | Int+2}
 20506 | Lair:3   | Identified the +1 robe "Dahos" {*Corrode Dex+6}
 21114 | Lair:4   | Upgraded the game from 0.30-a0-726-gd89dcf765f to
                  | 0.30-a0-728-gc68057be0a
 21742 | Lair:4   | Reached skill level 10 in Ranged Weapons
 22020 | Lair:4   | Found a viscous altar of Jiyva.
 23381 | Lair:4   | Found a staircase to the Slime Pits.
 24192 | D:6      | Bought the +10 shortbow "Nushucs" {freeze, rF- rC+ rN++}
                  | for 1020 gold pieces
 24630 | Lair:1   | Reached skill level 10 in Dodging
 25235 | Lair:2   | Killed Fannar
 25318 | Lair:5   | Entered Level 5 of the Lair of Beasts
 25877 | Lair:5   | Reached skill level 11 in Ranged Weapons
 26050 | Lair:4   | Reached XP level 14. HP: 21/111 MP: 17/22
 28828 | Lair:5   | Found a large runed translucent door.
 28938 | Lair:5   | Reached skill level 12 in Ranged Weapons
 29003 | Lair:5   | Found a large runed translucent door.
 29770 | D:9      | Killed Gastronok
 29788 | D:9      | Killed Amaemon
 30281 | D:9      | Killed Erolcha
 31132 | D:12     | Found a staircase to the Orcish Mines.
 31446 | D:12     | Noticed Psyche
 31465 | D:12     | Killed Psyche
 32041 | D:12     | Reached skill level 13 in Ranged Weapons
 32945 | D:13     | Reached XP level 15. HP: 117/117 MP: 23/23
 32966 | D:13     | Noticed Josephine
 32966 | D:13     | You fall into a shaft and drop 1 floor!
 33071 | D:14     | Noticed Rupert
 33306 | D:13     | Killed Josephine
 33326 | D:13     | Noticed Nessos
 33343 | D:13     | Killed Nessos
 33345 | D:13     | HP: 3/117 [boulder beetle (19)]
 33791 | D:13     | Found a blossoming altar of Fedhas.
 33935 | D:13     | Reached ****** piety under Lugonu
 34361 | D:14     | Found a gate to the Vaults.
 34579 | D:14     | Identified a +5 demon whip of distortion (a +3 demon whip
                  | of flaming corrupted by Lugonu)
 34579 | D:14     | Received a gift from Lugonu
 34694 | D:14     | Found a snail-covered altar of Cheibriados.
 34866 | D:14     | Identified the +4 morningstar "Uryu" {freeze, Str+5 SInv}
 35198 | D:14     | Killed Rupert
 35199 | D:14     | Reached skill level 14 in Ranged Weapons
 35607 | Orc:1    | Entered Level 1 of the Orcish Mines
 35778 | Orc:1    | Noticed Erica
 35790 | Orc:1    | Killed Erica
 35995 | Orc:2    | Entered Level 2 of the Orcish Mines
 36007 | Orc:2    | Corrupted Orc:2
 36008 | Orc:2    | Noticed a tentacled starspawn
 36011 | Orc:2    | Noticed a bone dragon
 36019 | Orc:2    | Noticed a bone dragon
 36156 | Orc:2    | Noticed a tentacled starspawn
 38101 | Orc:2    | Found a staircase to the Elven Halls.
 38180 | Orc:2    | Found Qealoydy's Magic Scroll Boutique.
 38180 | Orc:2    | Found Maept's Weapon Boutique.
 38181 | Orc:2    | Found Qica's Distillery.
 38184 | Orc:2    | Found Uthaliutz's Antique Weapon Shop.
 38189 | Orc:2    | Bought 2 potions of curing for 102 gold pieces
 38536 | Shoals:1 | Entered Level 1 of the Shoals
 38624 | Shoals:1 | Noticed Jorgrun
 38721 | Shoals:1 | Killed Jorgrun
 38840 | Shoals:1 | Reached skill level 15 in Ranged Weapons
 39169 | Shoals:1 | Noticed Kirke
 39182 | Shoals:1 | Killed Kirke
 40263 | Shoals:2 | Reached XP level 16. HP: 128/128 MP: 24/24
 40367 | Shoals:2 | Reached skill level 16 in Ranged Weapons
 40563 | Shoals:2 | Learned a level 4 spell: Cause Fear
 40748 | Shoals:2 | Noticed Ilsuiw
 41140 | Shoals:2 | Reached skill level 1 in Hexes
 41414 | Shoals:2 | Killed Ilsuiw
 41865 | Shoals:2 | Noticed a kraken
 43164 | Shoals:2 | Killed a kraken
 43819 | Shoals:2 | HP: 4/132 [drowned by a water nymph (11)]
 43831 | Shoals:2 | Killed from afar by a water nymph

Illustrated notes

Levels and vault maps discovered:
D:1:      lightli_arrival_boilingwater, layout_rooms, serial_curves,
          eino_curves_02, eino_curves_04, minmay_stone_trees_large,
          minmay_hexomino_u4
D:2:      layout_loops_corners, dreamdust_ecumenical_altar_grove, uniq_jessica,
          uniq_terence, uniq_sigmund
D:3:      layout_rooms, nemelex_dance_club_becter,
          nicolae_overflow_crystal_walls, jmf_multi_god_temple2, serial_shops,
          nicolae_shop_advertising_works [nicolae_subvault_shop_adworks],
          serial_forest, infiniplex_forest_lined_3_way,
          infiniplex_forest_straight_1, infiniplex_forest_corner_2,
          infiniplex_forest_end_2, infiniplex_forest_clump_small,
          infiniplex_forest_clump_long, uniq_grinder, uniq_pargi, uniq_robin
D:4:      layout_basic, mainiacjoe_overflow_small_starburst, uniq_pikel
D:5:      layout_loops_corners, mainiacjoe_overflow_catwalk,
          nicolae_uskayaw_suspiria, lemuel_tele_altar, serial_bayou,
          serial_bayou_pond_d, serial_bayou_ford_a, serial_bayou_lagoon_a,
          serial_bayou_pond_b, lemuel_flame_loot_1, uniq_crazy_yiuf_cottage,
          uniq_prince_ribbit1
D:6:      nicolae_cairo_tiling_large_dashed, layout_basic,
          nzn_overflow_gifts_of_might_and_magic, minmay_temple_entry_hall,
          serial_shops, nicolae_stop_n_shop_1, solitary_fountain, uniq_duvessa,
          uniq_menkaure, uniq_edmund
D:7:      layout_rooms, zin_angel
D:8:      layout_basic, nzn_hepliaklqana_mist_gate,
          nicolae_qazlal_eye_of_the_storm, mainiacjoe_overflow_paths,
          enter_bailey_3, uniq_maurice, uniq_joseph
D:9:      layout_rooms, marbit_many_paths, general_overflow_altar, uniq_erolcha,
          uniq_amaemon, uniq_gastronok
D:10:     layout_cave_pools, serial_shops, kennysheep_mini, grunt_decor_clamped
D:11:     nrook_guardian_serpent_snake_passage, layout_basic, erik_lair_dragon,
          serial_shops, nicolae_diamond_shop
D:12:     minmay_quarter_circles, layout_loops_ring, erik_orc_1,
          dreamdust_wishing_well, uniq_psyche
D:13:     layout_cave_pools, corexii_corridor_pit, fedhas_altar_3,
          uniq_josephine, uniq_nessos
D:14:     layout_basic, david_vaults_3, slow_altar_2
Temple:   nicolae_temple_ecumenical_triangle
Lair:1:   dreamdust_isle_of_ice, layout_cave_shapes, infiniplex_staircase_pool
Lair:2:   layout_regular_city, grunt_megastairs_4, uniq_urug, uniq_fannar
Lair:3:   layout_regular_city, elwin_shoals_entry_rooms,
          minmay_snake_entry_guardpost_small, minmay_lindwurm_lava, uniq_rupert
Lair:4:   layout_cave_pods, minmay_slime_entry_oklob_open,
          chequers_serial_rivers_micro_b, infiniplex_staircase_pool_2
Lair:5:   cheibrodos_lair_end_hotspot, layout_small_grid
Shoals:1: layout_shoals, overgrown_hall, uniq_jorgrun, uniq_kirke
Shoals:2: layout_shoals, nicolae_shoals_nymph_descending_staircase, uniq_ilsuiw
Orc:1:    layout_diamond_mine, uniq_erica
Orc:2:    st_orc_mages, layout_diamond_mine

Skill      XL: |  1  2  3  4  5  6  7  8  9 10 11 12 13 14 15 16 |
---------------+-------------------------------------------------+-----
Maces & Flails | 1 2 3 5 7 9 11 12 | 12.1
Evocations     | 5 6 7 |  7.5
Invocations    | 3 4 7 8 11 | 11.1
Dodging        | 7 10 13 | 13.8
Fighting       | 6 8 9 |  9.5
Ranged Weapons | 5 8 11 13 15 16 | 16.0
Hexes          | 4 |  4.4
Stealth        | |  0.8

Action                     |  1- 3 |  4- 6 |  7- 9 | 10-12 | 13-15 | 16-18 || total
---------------------------+-------+-------+-------+-------+-------+-------++-------
  Melee: Whip              |    65 |    14 |       |       |       |       ||    79
         Tailslap          |     9 |     2 |    20 |   104 |   170 |    21 ||   326
         Punch             |     1 |       |       |    10 |    21 |     1 ||    33
         Halberd           |       |    57 |   222 |   150 |       |       ||   429
         Demon whip        |       |       |    32 |   531 |  1013 |   127 ||  1703
   Fire: Sling             |       |       |       |    39 |   175 |       ||   214
         Shortbow          |       |       |       |       |   786 |   209 ||   995
  Throw: Stone             |       |       |       |     1 |       |       ||     1
         Dart              |       |       |       |       |     2 |     1 ||     3
 Invoke: Banish            |       |       |     3 |       |     1 |       ||     4
         Corrupt           |       |       |       |       |     1 |       ||     1
         Brand Weapon With |       |       |       |       |     1 |       ||     1
Ability: Breathe Fire      |       |       |       |    16 |    73 |     7 ||    96
  Evoke: Wand              |     1 |    12 |    13 |     6 |    11 |     5 ||    48
         Lightning rod     |       |       |       |       |     7 |     6 ||    13
    Use: Scroll            |     8 |     5 |     7 |     6 |    14 |     3 ||    43
         Potion            |       |       |     4 |     3 |     4 |     7 ||    18
   Stab: Sleeping          |     1 |     2 |     3 |     4 |     5 |     1 ||    16
         Distracted        |       |     1 |       |     1 |       |       ||     2
         Invisible         |       |       |       |     1 |       |       ||     1
 Armour: Skin              |     9 |    23 |   123 |   136 |   224 |    34 ||   549
  Dodge: Dodged            |    30 |    41 |   196 |   373 |   630 |    84 ||  1354
  Block: Other             |       |       |       |    23 |   171 |    24 ||   218
         Reflection        |       |       |       |       |    13 |     1 ||    14

Table legend: (Time is in decaauts)
 A = Elapsed time spent in this place.
 B = Non-inter-level travel time spent in this place.
 C = Inter-level travel time spent in this place.
 D = Time resting spent in this place.
 E = Time spent auto-exploring this place.
 F = Levels seen in this place.
 G = Mean time per level.
                   A        B        C        D        E       F      G
               +--------+--------+--------+--------+--------+-----+--------+
         Total |  43239 |  39219 |   4020 |  16894 |  12737 |  25 | 1729.6 |
       Dungeon |  20544 |  18000 |   2544 |   6430 |   7121 |  14 | 1467.4 |
        Temple |      1 |      1 |      0 |      0 |      0 |   1 |    1.0 |
          Lair |  12461 |  11307 |   1154 |   5188 |   3603 |   5 | 2492.2 |
        Shoals |   5227 |   5045 |    182 |   2889 |    955 |   2 | 2613.5 |
  Orcish Mines |   2638 |   2499 |    139 |   1050 |    837 |   2 | 1319.0 |
        Bailey |   2366 |   2366 |      0 |   1335 |    219 |   1 | 2366.0 |
               +--------+--------+--------+--------+--------+-----+--------+

Top non-repeatable levels by time:
  Lair:4: 3555 daAuts
  Lair:5: 3346 daAuts
Shoals:2: 3035 daAuts
    D:12: 2814 daAuts
    D:11: 2670 daAuts
  Bailey: 2366 daAuts
Shoals:1: 2192 daAuts
     D:6: 2075 daAuts
  Lair:2: 2043 daAuts
  Lair:3: 1874 daAuts
   Orc:2: 1742 daAuts
     D:5: 1679 daAuts
  Lair:1: 1641 daAuts
     D:2: 1575 daAuts
     D:8: 1430 daAuts
